 Dungeon Crawl Stone Soup version 0.27-a0-1312-g5cdb2b3542 (webtiles) character file.

Game seed: 4326795667384758118

50 Demosthentine the Poker (level 3, 0/28 HPs)
             Began as a Merfolk Gladiator on June 20, 2021.
             Slain by a gnoll (5 damage)
             ... on level 2 of the Dungeon.
             The game lasted 00:02:41 (2407 turns).

Demosthentine the Poker (Merfolk Gladiator)         Turns: 2407, Time: 00:02:42

Health: 0/28       AC:  5    Str: 15    XL:     3   Next: 79%
Magic:  3/3        EV: 13    Int:  7    God:
Gold:   12         SH:  0    Dex: 15    Spells: 2/2 levels left

rFire    . . .     SeeInvis .   a - +0 trident
rCold    . . .     Faith    .   (no shield)
rNeg     . . .     Spirit   .   b - +0 leather armour
rPois    .         Reflect  .   c - +1 helmet
rElec    .         Harm     .   (no cloak)
rCorr    .         Rampage  .   (no gloves)
Will     .....                  (no boots)
Stlth    +.........             (no amulet)
HPRegen  0.09/turn              (no ring)
MPRegen  0.08/turn              (no ring)

@: no status effects
A: (nimble swimmer 2), mertail
a: no special abilities


You were on level 2 of the Dungeon.
You visited 1 branch of the dungeon, and saw 3 of its levels.

You collected 94 gold pieces.
You spent 82 gold pieces at shops.

Inventory:

Hand Weapons
 a - a +0 trident (weapon)
Missiles
 d - 3 throwing nets (quivered)
Armour
 b - a +0 leather armour (worn)
 c - a +1 helmet (worn)
Scrolls
 m - a scroll of identify
Potions
 e - 2 potions of attraction
 f - a potion of resistance
 g - a potion of mutation {unknown}
 h - a potion of brilliance
 i - a potion of might
 j - a potion of heal wounds {unknown}
 k - a potion of flight
 l - a potion of cancellation


   Skills:
 + Level 2.8 Fighting
 + Level 5.1 Polearms
 - Level 2.0 Throwing
 + Level 1.0 Armour
 + Level 4.6 Dodging


You had 2 spell levels left.
You didn't know any spells.
Your spell library contained the following spells:

 Spells                   Type           Power      Damage    Failure   Level
 Sandblast                Erth           0%         2d4       50%         1
 Passwall                 Tmut/Erth      0%         N/A       65%         2
 Stone Arrow              Conj/Erth      0%         3d7       86%         3
 Petrify                  Tmut/Erth      0%         N/A       99%         4
 Lee's Rapid Deconstruct  Erth           0%         3d5*      100%        5


Dungeon Overview and Level Annotations

Branches:
Dungeon (3/15)

Altars:

Shops:
D:1 *===


Innate Abilities, Weirdness & Mutations

((You are quick and stealthy near water. (Stealth+, EV+, Speed+++)))
Your lower body shifts to a powerful aquatic tail in water.


Message History

The endoplasm hits you but does no damage.
The gnoll hits you from afar with a +0 spear.
There is a stone staircase leading up here.
The endoplasm hits you but does no damage.
The gnoll closely misses you.
You climb upwards.
There is a stone staircase leading down here.
Unknown command.
You puncture the endoplasm!
You kill the endoplasm!
There is a stone staircase leading down here.
You start resting.
HP restored.
You climb downwards.
The ball python closely misses you. The ball python misses you.
The orc closely misses you.
There is a stone staircase leading up here.
The ball python barely misses you. The ball python closely misses you.
The orc hits you with a +0 flail! The gnoll closely misses you.
The ball python barely misses you. x2
The gnoll hits you from afar with a +0 spear!
You climb upwards.
There is a stone staircase leading down here.
You are too injured to fight recklessly!
You are too injured to fight recklessly!
Unknown command.
You are too injured to fight recklessly!
Unknown command.
You are too injured to fight recklessly!
Unknown command.
You are too injured to fight recklessly!
Unknown command.
You closely miss the orc. The orc hits you with a +0 flail!
* * * LOW HITPOINT WARNING * * *
The gnoll barely misses you. The ball python completely misses you.
The ball python closely misses you.
You puncture the orc!
You kill the orc!
The ball python barely misses you. The ball python misses you.
The gnoll hits you with a +0 whip.
You die...

#.#......#
#######.####.#.#
#.....#......#.#
###.....########.#
#.......# #.#
#.#.....# #.#
#.#.....# #.#
#.####### #)# #.#
####@# #.# #..Sg#
..# #.####
######### #.#
#......# #.#
##....#.#####.#
..............#
##......#######
#.####.#


You could see a gnoll and a ball python.

Vanquished Creatures
  2 worms (D:2)
  2 dart slugs
  An orc (D:2)
  3 ball pythons (D:1)
  5 bats
  6 endoplasms
  2 goblins
  5 hobgoblins
  A jackal (D:1)
  5 kobolds
  4 frilled lizards
  A rat (D:1)
37 creatures vanquished.

Notes
Turn   | Place    | Note
-------+----------+-------------------------------------------
     0 | D:1      | Demosthentine the Merfolk Gladiator began the quest for the
                  | Orb.
     0 | D:1      | Reached XP level 1. HP: 16/16 MP: 1/1
   125 | D:1      | Found Rief's Assorted Antiques.
   190 | D:1      | Found Waatenk's Jewellery Emporium.
   227 | D:1      | Reached XP level 2. HP: 23/23 MP: 2/2
   245 | D:1      | Found Poyt Igh's Jewellery Shop.
   296 | D:1      | Found a faded altar of an unknown god.
   479 | D:1      | Found Kigg's Jewellery Emporium.
   605 | D:1      | Reached XP level 3. HP: 20/28 MP: 3/3
   968 | D:1      | Bought a scroll labelled URO COTRUASTIPOLUE for 22 gold
                  | pieces
   968 | D:1      | Bought a scroll labelled HANKOC MYILOCE for 22 gold pieces
  1221 | D:2      | Reached skill level 5 in Polearms
  1612 | D:2      | Reached skill level 1 in Armour
  2179 | D:1      | Bought a fizzy pink potion for 19 gold pieces
  2179 | D:1      | Bought an emerald potion for 19 gold pieces
  2407 | D:2      | Slain by a gnoll

Illustrated notes

Levels and vault maps discovered:
D:1:      dpeg_arrival_stone_temple_mockup, layout_basic, serial_shops, shop,
          shop, nicolae_shop_competitors_out_of_business, shop,
          shapermc_ecumenical_altar_mp_vishouse, minmay_tromino_i4
D:2:      layout_loops_cross
D:3:      lemuel_castle_with_subvaults [lemuel_castle_interior_original],
          layout_rooms, grunt_temple_overflow_growth_and_decay

Skill      XL: |  1  2  3 |
---------------+----------+-----
Polearms       | 5 |  5.1
Armour         | 1 |  1.0
Fighting       | |  2.8
Throwing       | |  2.0
Dodging        | |  4.6

Action                   || total
-------------------------++-------
Melee: Trident           ||   118
  Use: Scroll            ||    11
 Stab: Distracted        ||     1
Armor: Leather armour    ||    22
Dodge: Dodged            ||    67

Table legend: (Time is in decaauts)
 A = Elapsed time spent in this place.
 B = Non-inter-level travel time spent in this place.
 C = Inter-level travel time spent in this place.
 D = Time resting spent in this place.
 E = Time spent auto-exploring this place.
 F = Levels seen in this place.
 G = Mean time per level.
                   A        B        C        D        E       F      G
               +--------+--------+--------+--------+--------+-----+--------+
         Total |   2415 |   2237 |    178 |    137 |   1814 |   3 |  805.0 |
       Dungeon |   2415 |   2237 |    178 |    137 |   1814 |   3 |  805.0 |
               +--------+--------+--------+--------+--------+-----+--------+

Top non-repeatable levels by time:
     D:2: 1325 daAuts
     D:1: 1040 daAuts
     D:3: 49 daAuts
